 Dungeon Crawl Stone Soup version 0.30-a0-341-g682706514a (webtiles) character file.

Game seed: 11502251815654489141

19135 Cancer the Geomancer (level 12, 0/66 HPs)
             Began as a Gargoyle Earth Elementalist on Nov 3, 2022.
             Was an Elder of Vehumet.
             Slain by an eight-headed hydra (6 damage)
             ... on level 2 of the Lair of Beasts on Nov 4, 2022.
             The game lasted 00:55:17 (15504 turns).

Cancer the Geomancer (Gargoyle Earth Elementalist) Turns: 15504, Time: 00:55:17

Health: 0/66       AC: 15    Str: 13    XL:     12   Next: 65%
Magic:  26/26      EV: 20    Int: 20    God:    Vehumet [****..]
Gold:   995        SH:  0    Dex: 10    Spells: 28/32 levels left

rFire   . . .      SeeInvis .    o - staff of earth
rCold   . . .      Faith    .    (no shield)
rNeg    + + .      Spirit   .    N - +2 robe {rN+}
rPois   ∞          Reflect  .    q - +0 helmet
rElec   +          Harm     .    v - scarf {repulsion}
rCorr   .          Rampage  .    (no gloves)
Will    .....                    i - +0 pair of boots
Stlth   ++........               H - amulet of magic regeneration
HPRegen 0.31/turn                Y - +4 ring of evasion
MPRegen 0.60/turn                j - +4 ring of evasion

@: repel missiles
A: sickness immunity, AC +8, negative energy resistance 1, electricity
resistance, torment resistance 1, petrification resistance
a: Renounce Religion


You were on level 2 of the Lair of Beasts.
You worshipped Vehumet.
Vehumet was greatly pleased with you.
You visited 3 branches of the dungeon, and saw 14 of its levels.
You also visited: Bailey.

You collected 995 gold pieces.

Inventory:

Hand Weapons
 D - the +7 Throatcutter {drain, coup de grace}
   (You found it on level 5 of the Dungeon)

   A truly terrible weapon, it drains the life of any living foe it strikes.
   It may instantly kill foes which have little health.
 P - a +4 trident of venom
Armour
 h - a +1 scale mail of willpower
 i - a +0 pair of boots (worn)
 q - a +0 helmet (worn)
 v - a scarf of repulsion (worn)
 A - the +0 leather armour of Cunual {rF++}
   (You found it on level 5 of the Dungeon)

   rF:        It greatly protects you from fire.
 G - a +1 robe of the Archmagi
 I - a +1 ring mail of cold resistance
 N - a +2 robe of positive energy (worn)
Magical Staves
 o - a staff of earth (weapon)
Jewellery
 d - an amulet of regeneration
 f - a ring of wizardry
 j - a +4 ring of evasion (right hand)
 m - a ring of see invisible
 H - an amulet of magic regeneration (around neck)
 W - a +6 ring of intelligence
 X - a ring of magical power
 Y - a +4 ring of evasion (left hand)
Wands
 b - a wand of flame (9)
 e - a wand of acid (6)
Scrolls
 a - a scroll of silence {unknown}
 g - 4 scrolls of identify {unknown}
 k - a scroll of summoning {unknown}
Potions
 c - 2 potions of resistance {unknown}


   Skills:
 - Level 4.0 Fighting
 - Level 2.0 Armour
 - Level 2.0 Dodging
 - Level 4.0 Stealth
 + Level 10.7 Spellcasting
 + Level 12.5 Conjurations
 - Level 1.0 Transmutations
 - Level 1.0 Fire Magic
 + Level 14.0 Earth Magic


You had 28 spell levels left.
You knew the following spells:

 Your Spells              Type           Power      Damage    Failure   Level
a - Sandblast             Erth           100%       2d20      0%          1
b - Stone Arrow           Conj/Erth      100%       3d13      1%          3

Your spell library contained the following spells:

 Spells                   Type           Power      Damage    Failure   Level
 Fireball                 Conj/Fire      18%        3d9       3%          5
 Passwall                 Tmut/Erth      47%        N/A       1%          2
 Petrify                  Tmut/Erth      57%        N/A       3%          4
 Inner Flame              Hex/Fire       12%        N/A       4%          3
 Borgnjor's Vile Clutch   Necr/Erth      27%        N/A       10%         5
 Portal Projectile        Hex/Tloc       20%        N/A       19%         3
 Tukima's Dance           Hex            10%        N/A       19%         3
 Animate Dead             Necr           10%        N/A       54%         4
 Cause Fear               Hex            5%         N/A       54%         4
 Dispel Undead            Necr           10%        3d9       54%         4
 Blade Hands              Tmut           7%         N/A       75%         5
 Death Channel            Necr           5%         N/A       100%        6
 Discord                  Hex            5%         N/A       100%        8
 Cigotuvi's Dreadful Rot  Necr/Pois/Air  Unusable   N/A       N/A         2

Dungeon Overview and Level Annotations

Branches:
Dungeon (11/15)            Temple (1/1) D:7            Lair (2/5) D:11
  Swamp (0/4) Lair:2          Orc (0/2) D:10         Bailey (visited)
  Snake: Lair:2-3    Spider: Lair:2-3

Altars:
Ashenzari
Cheibriados
Dithmenos
Elyvilon
Fedhas
Gozag
Hepliaklqana
Kikubaaqudgha
Makhleb
Nemelex Xobeh
Okawaru
Qazlal
Ru
Sif Muna
Trog
Uskayaw
Vehumet
Wu Jian
Xom
Yredelemnul
Zin
The Shining One

Shops:
D:1 (*[   D:7 *

Annotations:
D:6 2 transporters, p00ps00p's ghost, novice HOFi
D:11 stash
Lair:1 exclusion: boulder beetle
Lair:2 3 runed translucent doors, eyols's ghost, journeyman MiFi


Innate Abilities, Weirdness & Mutations

You are immune to sickness and miasma.
Your stone body is resilient. (AC +8)
You are immune to poison.
You resist negative energy. (rN+)
You are resistant to electric shocks. (rElec)
You are resistant to unholy torment.
You are immune to petrification.


Message History

The hornet stings you but does no damage.
The eight-headed hydra completely misses you.
The eight-headed hydra bites you but does no damage.
The eight-headed hydra completely misses you.
The eight-headed hydra closely misses you.
The eight-headed hydra completely misses you.
The eight-headed hydra bites you!
The eight-headed hydra bites you but does no damage.
The eight-headed hydra bites you! The yak misses you.
The hornet stings you but does no damage.
The hornet attacks as you move away! The hornet barely misses you.
The eight-headed hydra attacks as you move away!
The eight-headed hydra bites you but does no damage.
The eight-headed hydra closely misses you.
The eight-headed hydra completely misses you.
The eight-headed hydra bites you but does no damage.
The eight-headed hydra completely misses you.
The eight-headed hydra bites you!
The eight-headed hydra completely misses you.
The eight-headed hydra bites you. The yak attacks as you move away!
The yak gores you but does no damage.
Unknown command.
Unknown command.
The black bear growls angrily.
The eight-headed hydra attacks as you move away!
The eight-headed hydra completely misses you.
The eight-headed hydra bites you!
* * * LOW HITPOINT WARNING * * *
The eight-headed hydra closely misses you.
The eight-headed hydra bites you!
* * * LOW HITPOINT WARNING * * *
The eight-headed hydra closely misses you.
The eight-headed hydra bites you but does no damage.
The eight-headed hydra closely misses you.
The eight-headed hydra misses you.
Unknown command.
Unknown command.
The eight-headed hydra attacks as you move away!
The eight-headed hydra bites you.
You die...

..(..............................
...............##.#.#..P.#.####..
P.####.................##### #...
####................#..# ##..
##...............#..# #..
#####..............#...## #..
........................# ##..
########♣♣######.......## #...
~~~~~♣♣♣#...♣#@......## ##..
~~~~....'...P#YD......# #P..
~~....y.'....#.......## #...
~.......#....#y.......# ####..
~..♣♣####♣'†##.......#####.#...
..... #♣..♣##................
..... ♣....♣#h...............
....~~#P....#................
....~~#~P...'...........#....


You could see an eight-headed hydra, a yak, a hornet and a black bear.

Vanquished Creatures
  2 two-headed ogres
  An orange crystal statue (D:8)
  A cyclops (D:11)
  An ice statue (D:8)
  7 cane toads
  6 komodo dragons
  A kobold demonologist (D:9)
  A rime drake (Lair:2)
  2 trolls (D:10)
  5 hornets
  Prince Ribbit (D:9)
  Sigmund (D:5)
  A vampire (D:11)
  A wraith (D:11)
  Eustachio (D:4)
  7 yaks
  A steam dragon (D:9)
  Menkaure (D:6)
  4 wargs (D:10)
  6 water moccasins
  An acid dragon (D:11)
  16 orc warriors
  3 black bears
  12 centaurs
  An ogre (D:5)
  3 phantoms
  9 kobold brigands
  5 gnoll sergeants
  A necrophage (D:7)
  8 bullfrogs
  7 scorpions
  18 wights
  5 killer bees (D:10)
  4 jellies
  An electric eel (Lair:1)
  8 howler monkeys
  6 hounds
  5 gnoll boudas
  5 orc priests
  Natasha (thrice) (D:4)
  3 iguanas (D:5)
  5 orc wizards
  48 gnolls
  11 adders
  3 white imps
  4 dart slugs
  56 orcs
  7 ball pythons
  9 bats
  2 endoplasms
  5 giant cockroaches
  12 goblins
  5 hobgoblins
  6 jackals
  6 quokkas
  4 frilled lizards
  A goblin skeleton (D:4)
  21 kobolds
  2 kobold skeletons (D:4)
  A kobold zombie (D:4)
  2 orc zombies (D:4)
  5 rats
390 creatures vanquished.

Vanquished Creatures (others)
  11 fungi
  48 plants
59 creatures vanquished.

Grand Total: 449 creatures vanquished

Notes
Turn   | Place    | Note
-------+----------+-------------------------------------------
     0 | D:1      | Cancer the Gargoyle Earth Elementalist began the quest for
                  | the Orb.
     0 | D:1      | Reached XP level 1. HP: 10/10 MP: 3/3
   168 | D:1      | Found Gisah's Antique Armour Boutique.
   277 | D:1      | Reached XP level 2. HP: 15/15 MP: 3/5
   303 | D:1      | Reached skill level 1 in Conjurations
   472 | D:1      | Reached skill level 4 in Earth Magic
   511 | D:1      | Found Obomor's Assorted Antiques.
   542 | D:1      | Found Odwuj's Weapon Shop.
  1074 | D:2      | Reached XP level 3. HP: 19/19 MP: 3/6
  1080 | D:2      | Learned a level 3 spell: Stone Arrow
  1844 | D:3      | Reached XP level 4. HP: 24/24 MP: 4/8
  2123 | D:3      | Identified the +8 sling "Ogrebane" {antimagic, +Blink rC+}
  2277 | D:3      | Found a shimmering blue altar of Sif Muna.
  2293 | D:3      | Found a hide-covered altar of Uskayaw.
  2882 | D:4      | Noticed Eustachio
  2912 | D:4      | Noticed a phantom
  2931 | D:3      | Reached XP level 5. HP: 16/28 MP: 5/9
  2983 | D:4      | Killed a phantom
  2984 | D:4      | Reached skill level 5 in Earth Magic
  3117 | D:4      | Killed Eustachio
  3118 | D:4      | Reached XP level 6. HP: 32/32 MP: 0/11
  3218 | D:4      | Found a glowing golden altar of the Shining One.
  3322 | D:4      | Found a basalt altar of Yredelemnul.
  3448 | D:4      | Found a sacrificial altar of Ru.
  3515 | D:4      | Reached skill level 6 in Earth Magic
  3574 | D:4      | Reached XP level 7. HP: 36/36 MP: 11/13
  3608 | D:4      | Noticed Natasha
  3609 | D:4      | Killed Natasha
  3720 | D:4      | Found a blossoming altar of Fedhas.
  3874 | D:4      | Noticed Natasha
  3880 | D:4      | Killed Natasha
  3956 | D:4      | Noticed Natasha
  3959 | D:4      | Killed Natasha
  4142 | D:5      | Entered Level 5 of the Dungeon
  4448 | D:5      | Reached skill level 5 in Conjurations
  4576 | D:5      | Reached skill level 7 in Earth Magic
  4643 | D:5      | Found the +7 Throatcutter {drain, coup de grace}
  4649 | D:5      | Reached skill level 5 in Spellcasting
  4649 | D:5      | Reached XP level 8. HP: 41/41 MP: 11/15
  4851 | D:5      | Reached skill level 8 in Earth Magic
  4896 | D:5      | Noticed Sigmund
  4909 | D:5      | Killed Sigmund
  5039 | D:5      | Identified the +0 leather armour of Cunual {rF++}
  5126 | D:5      | Reached XP level 9. HP: 42/45 MP: 15/18
  5232 | D:5      | Found a sparkling altar of Nemelex Xobeh.
  5411 | D:5      | Reached skill level 1 in Fighting
  5509 | D:5      | Reached skill level 1 in Armour
  5509 | D:5      | Reached skill level 1 in Fire Magic
  5880 | D:6      | Noticed Menkaure
  5882 | D:6      | Killed Menkaure
  6164 | D:6      | Found a runed translucent door.
  6310 | D:6      | Reached skill level 9 in Earth Magic
  6446 | D:6      | Noticed p00ps00p's ghost (novice HOFi)
  6451 | D:6      | Noticed a queen bee
  6459 | D:6      | Found a transporter.
  6463 | D:6      | Found a transporter.
  7550 | D:7      | Reached XP level 10. HP: 53/53 MP: 17/20
  7730 | D:7      | Reached skill level 10 in Earth Magic
  8471 | D:7      | Found a staircase to the Ecumenical Temple.
  8477 | D:7      | Found Lofumaxt's Assorted Antiques.
  8740 | Temple   | Entered the Ecumenical Temple
  8845 | Temple   | Became a worshipper of Vehumet
  8959 | D:7      | Reached skill level 1 in Transmutations
  9041 | D:8      | Identified the +3 leather armour of Trial and Error {Harm
                  | Rampage}
  9076 | D:8      | Reached * piety under Vehumet
  9076 | D:8      | Offered knowledge of Freeze by Vehumet.
  9386 | D:8      | Noticed an orange crystal statue
  9690 | D:8      | Noticed an ice statue
  9867 | D:8      | Killed an ice statue
 10029 | D:8      | Killed an orange crystal statue
 10030 | D:8      | Reached skill level 11 in Earth Magic
 10180 | D:9      | Noticed a kobold demonologist
 10188 | D:9      | Noticed a sun demon
 10193 | D:9      | Killed a kobold demonologist
 10194 | D:9      | Reached XP level 11. HP: 61/61 MP: 15/23
 10211 | D:9      | Noticed Prince Ribbit
 10218 | D:9      | Killed Prince Ribbit
 10424 | D:9      | Reached skill level 10 in Conjurations
 10505 | D:9      | Reached ** piety under Vehumet
 10505 | D:9      | Offered knowledge of Momentum Strike by Vehumet.
 10799 | D:9      | Found a shadowy altar of Dithmenos.
 11107 | D:10     | Entered Level 10 of the Dungeon
 11200 | D:10     | Found a flagged portal.
 11215 | Bailey   | Entered a bailey
 11384 | Bailey   | Offered knowledge of Hailstorm by Vehumet.
 11455 | Bailey   | Reached skill level 12 in Earth Magic
 11594 | Bailey   | Reached *** piety under Vehumet
 11875 | D:10     | Found a staircase to the Orcish Mines.
 11997 | D:10     | Offered knowledge of Dazzling Flash by Vehumet.
 12172 | D:10     | Found a white marble altar of Elyvilon.
 12363 | D:10     | Noticed a two-headed ogre
 12367 | D:10     | Killed a two-headed ogre
 12720 | D:11     | Noticed a cyclops
 12725 | D:11     | Killed a cyclops
 12786 | D:11     | Noticed a two-headed ogre
 12906 | D:11     | Identified the +2 ring mail of Anaesthesia {Stlth+}
 13012 | D:11     | Found a staircase to the Lair.
 13017 | D:11     | Reached XP level 12. HP: 66/66 MP: 25/25
 13150 | D:11     | Reached skill level 13 in Earth Magic
 13186 | D:11     | Reached **** piety under Vehumet
 13368 | D:11     | Killed a two-headed ogre
 13369 | D:11     | Reached skill level 10 in Spellcasting
 13655 | Lair:1   | Entered Level 1 of the Lair of Beasts
 13923 | Lair:1   | Noticed a boulder beetle
 14745 | Lair:2   | Found a runed translucent gate.
 14789 | Lair:2   | Found a runed translucent gate.
 14789 | Lair:2   | Found a runed translucent gate.
 14789 | Lair:2   | Noticed eyols's ghost (journeyman MiFi)
 14835 | Lair:2   | Found a staircase to the Swamp.
 15003 | Lair:2   | Offered knowledge of Fireball by Vehumet.
 15378 | Lair:1   | Reached skill level 14 in Earth Magic
 15496 | Lair:2   | Noticed an eight-headed hydra
 15504 | Lair:2   | Slain by an eight-headed hydra

Illustrated notes

Levels and vault maps discovered:
D:1:      scummos_arrival_checkerplants, layout_loops_cross, serial_shops,
          nicolae_shop_advertising_works [nicolae_subvault_shop_adworks],
          nicolae_shop_bloodbath_and_beyond, nicolae_shop_hallway_stairs
D:2:      layout_basic
D:3:      layout_rooms, lemuel_crystal_altar, eat_drink_and_be_merry_uskayaw,
          grunt_decor_resistance, nicolae_eternal_life
D:4:      layout_loops_ring, nicolae_tso_besieged_by_evil,
          nicolae_overflow_hidden_temple, fedhas_altar_fruit_tree,
          nicolae_ru_the_path_less_chosen, uniq_eustachio, uniq_natasha
D:5:      minmay_general_purpose_star, layout_basic,
          mainiacjoe_overflow_chevrons, serial_curves, eino_curves_03,
          eino_curves_02, dilly_guarded_unrand_throatcut, uniq_sigmund
D:6:      layout_basic, gammafunk_ghost_hive, hangedman_decor_growths,
          lightli_church_of_beogh, uniq_menkaure
D:7:      layout_cave_pools, temple_fountains, serial_gnoll_camp,
          gnoll_camp_huts_basic, gnoll_camp_mini_hut, gnoll_camp_mini_doghouse,
          gnoll_camp_mini_hut, gnoll_camp_mini_shop, gnoll_camp_medium_02
D:8:      minmay_separated_statues, layout_basic, dk_noncrumbling_3,
          serial_park_tiny_pond
D:9:      layout_small_grid, mainiacjoe_overflow_six_doors_small,
          uniq_prince_ribbit1
D:10:     layout_grid_maze, overflow_temple_1_default,
          minmay_orc_entry_guard_dogs, enter_bailey_4
D:11:     layout_basic, grunt_lair_entry_orc_guard_hut
Temple:   dshaligram_water_room_temple
Lair:1:   layout_loops_ring, chequers_serial_rivers_micro_d,
          serial_bayou_shore_a, grunt_megastairs_5
Lair:2:   cheibrodos_lair_overgrown_chateau, layout_chaotic_city, swamp_mist,
          ebering_ghost_rock_garden

Skill      XL: |  1  2  3  4  5  6  7  8  9 10 11 12 |
---------------+-------------------------------------+-----
Conjurations   | 1 2 3 4 5 6 8 9 11 12 | 12.5
Earth Magic    | 4 5 6 7 8 9 11 12 14 | 14.0
Spellcasting   | 3 4 5 6 7 8 9 10 | 10.7
Fighting       | 2 4 |  4.0
Armour         | 2 |  2.0
Fire Magic     | 1 |  1.0
Dodging        | 2 |  2.0
Stealth        | 4 |  4.0
Transmutations | 1 |  1.0

Action                   |  1- 3 |  4- 6 |  7- 9 | 10-12 || total
-------------------------+-------+-------+-------+-------++-------
Melee: Unarmed           |     5 |       |       |       ||     5
       Dagger            |     1 |       |       |       ||     1
       Staff             |       |     6 |    23 |    41 ||    70
 Cast: Sandblast         |    44 |    49 |   162 |   329 ||   584
       Stone Arrow       |       |     6 |    10 |   142 ||   158
Armor: Robe              |     6 |    14 |    28 |   105 ||   153
Dodge: Dodged            |    10 |    47 |   121 |   386 ||   564
       Repelled          |       |       |       |     4 ||     4

Table legend: (Time is in decaauts)
 A = Elapsed time spent in this place.
 B = Non-inter-level travel time spent in this place.
 C = Inter-level travel time spent in this place.
 D = Time resting spent in this place.
 E = Time spent auto-exploring this place.
 F = Levels seen in this place.
 G = Mean time per level.
                   A        B        C        D        E       F      G
               +--------+--------+--------+--------+--------+-----+--------+
         Total |  15870 |  14666 |   1204 |    889 |   9910 |  15 | 1058.0 |
       Dungeon |  13178 |  12057 |   1121 |    758 |   8443 |  11 | 1198.0 |
        Temple |    121 |    106 |     15 |      0 |     60 |   1 |  121.0 |
          Lair |   1890 |   1822 |     68 |     89 |   1232 |   2 |  945.0 |
        Bailey |    680 |    680 |      0 |     42 |    175 |   1 |  680.0 |
               +--------+--------+--------+--------+--------+-----+--------+

Top non-repeatable levels by time:
     D:6: 1875 daAuts
     D:4: 1655 daAuts
     D:5: 1484 daAuts
     D:7: 1270 daAuts
     D:8: 1243 daAuts
  Lair:1: 1004 daAuts
     D:9: 984 daAuts
     D:2: 981 daAuts
    D:11: 981 daAuts
    D:10: 970 daAuts
  Lair:2: 886 daAuts
     D:3: 870 daAuts
     D:1: 862 daAuts
  Bailey: 680 daAuts
  Temple: 121 daAuts
